 Dungeon Crawl Stone Soup version 0.21-a0-13-g3fd62ac (webtiles) character file.

517 Hailrake the Cudgeler (level 7, -7/62 HPs)
             Began as a Minotaur Berserker on May 23, 2017.
             Was a Believer of Trog.
             Killed by divine providence
             ... invoked by an orc priest
              (10 damage)
             ... on level 4 of the Dungeon.
             The game lasted 00:11:54 (2850 turns).

Hailrake the Cudgeler (Minotaur Berserker)          Turns: 2850, Time: 00:11:54

Health: -7/62      AC:  2    Str: 23    XL:     7   Next: 0%
Magic:  6/6        EV: 12    Int:  4    God:    Trog [**....]
Gold:   249        SH:  0    Dex: 10    Spells: 6/6 levels left

rFire    . . .     SeeInvis .   a - +0 mace
rCold    . . .     Gourm    .   (no shield)
rNeg     . . .     Faith    .   b - +0 animal skin
rPois    .         Spirit   .   (helmet restricted)
rElec    .         Reflect  .   (no cloak)
rCorr    .         Harm     .   (no gloves)
MR       ++...                  (no boots)
Stlth    +.........             (no amulet)
Regen    1.2/turn               (no ring)
MPRegen  0.1/turn               (no ring)

@: regenerating, slowed, very slow
A: retaliatory headbutt, horns 2
a: Berserk, Trog's Hand, Burn Spellbooks, Renounce Religion


You were on level 4 of the Dungeon.
You worshipped Trog.
Trog was pleased with you.
You were not hungry.

You visited 1 branch of the dungeon, and saw 4 of its levels.

You collected 249 gold pieces.

Inventory:

Hand Weapons
 a - a +0 mace (weapon)
Armour
 b - a +0 animal skin (worn)
Scrolls
 c - a scroll of teleportation {unknown}
 d - a scroll of remove curse
 e - a scroll of identify
 f - 3 scrolls of enchant weapon {unknown}
 j - a scroll of noise {unknown}
 k - a scroll of amnesia {unknown}
 l - a scroll of enchant armour {unknown}
 m - a scroll of fear {unknown}
 p - 2 scrolls of magic mapping {unknown}
Potions
 g - 2 potions of mutation
 h - 2 potions of might
 n - a potion of degeneration {unknown}
 o - a potion of haste
 r - a potion of heal wounds {unknown}
Comestibles
 i - a bread ration


   Skills:
 + Level 5.7 Fighting
 + Level 7.1 Maces & Flails
 * Level 4.8 Armour
 - Level 2.5 Dodging


You had 6 spell levels left.
You didn't know any spells.

Dungeon Overview and Level Annotations

Branches:
Dungeon (4/15)
 Temple: D:4-7

Altars:
Nemelex Xobeh

Shops:
D:4 [


Innate Abilities, Weirdness & Mutations

You reflexively headbutt those who attack you in melee.
You have a pair of horns on your head.


Message History

The orc priest casts a cantrip, but nothing happens.
You barely miss the orc priest. The orc priest barely misses you.
You hit the orc priest.
The orc priest is lightly wounded.
The orc priest hits you with a flail!
* * * LOW HITPOINT WARNING * * *
The orc priest closely misses you.
You closely miss the orc priest. Your headbutt misses the orc priest.
The orc priest is lightly wounded.
The orc priest hits you with a flail!
* * * LOW HITPOINT WARNING * * *
You closely miss the orc priest.
The orc priest is lightly wounded.
The orc priest hits you with a flail.
* * * LOW HITPOINT WARNING * * *
You closely miss the orc priest. You headbutt the orc priest.
The orc priest is heavily wounded.
The orc priest invokes the aid of Beogh against you.
Beogh smites you!
You die...

##########
########.........#
#................#
#####................#
.........$...........#
......)o@............#
..####)####..........#
... #.....>....###
###o#. #.............
..#. #..........#
###.##.#.#....###
....#+#.#.##.#
########.....#.##.###
.....................>


You could see an orc priest.

Vanquished Creatures
  A hungry ghost (D:3)
  An ogre (D:4)
  A bullfrog (D:4)
  An orc priest (D:4)
  Jessica (D:3)
  Natasha (D:3)
  An orc wizard (D:4)
  A howler monkey skeleton (D:4)
  4 adders
  An ooze (D:1)
  A worm (D:2)
  2 dart slugs
  3 leopard geckos
  7 bats
  2 giant cockroaches
  4 goblins
  5 hobgoblins
  4 jackals (D:1)
  5 quokkas
  3 ball pythons
  8 frilled lizards
  8 kobolds
  5 rats
70 creatures vanquished.

Notes
Turn   | Place    | Note
-------+----------+-------------------------------------------
     0 | D:1      | Hailrake the Minotaur Berserker began the quest for the Orb.
     0 | D:1      | Reached XP level 1. HP: 19/19 MP: 0/0
   343 | D:1      | Reached XP level 2. HP: 26/27 MP: 1/1
   465 | D:1      | Reached skill level 4 in Maces & Flails
   551 | D:1      | Reached XP level 3. HP: 33/34 MP: 2/2
   947 | D:2      | Reached ** piety under Trog
  1468 | D:2      | Reached XP level 4. HP: 41/41 MP: 3/3
  1540 | D:3      | Noticed a hungry ghost
  1550 | D:3      | Killed a hungry ghost
  1550 | D:3      | Reached skill level 5 in Fighting
  1550 | D:3      | Reached skill level 5 in Maces & Flails
  1550 | D:3      | Reached XP level 5. HP: 21/48 MP: 4/4
  1801 | D:3      | Noticed Jessica
  1805 | D:3      | Killed Jessica
  1949 | D:3      | Found a sparkling altar of Nemelex Xobeh.
  2129 | D:3      | Noticed Natasha
  2133 | D:3      | Killed Natasha
  2133 | D:3      | Reached skill level 6 in Maces & Flails
  2133 | D:3      | Reached XP level 6. HP: 39/56 MP: 5/5
  2185 | D:3      | You fall through a shaft!
  2453 | D:4      | Found Joycieh's Antique Armour Shoppe.
  2837 | D:4      | Reached skill level 7 in Maces & Flails
  2841 | D:4      | Reached *** piety under Trog
  2841 | D:4      | Reached XP level 7. HP: 14/62 MP: 6/6
  2848 | D:4      | HP: 1/62 [orc priest/flail (8)]
  2850 | D:4      | Killed from afar by an orc priest

Vault maps used:
D:1:      sevenhm_arrival_forest_fort_large_4, st_stairs_12
D:3:      old_standard_altar, first_bread, portal_sewer_entry_b, st_stairs_6,
          uniq_jessica, uniq_natasha
D:4:      marbit_many_paths, serial_shops, kennysheep_mini, serial_bayou_pond_c,
          minivault_1, roderic_greek_sauvastika

Skill      XL: |  1  2  3  4  5  6 |
---------------+-------------------+-----
Fighting       | 4 5 |  5.7
Maces & Flails | 4 5 6 7 |  7.1
Armour         | 3 4 |  4.8
Dodging        | |  2.5

Action                   |  1- 3 |  4- 6 |  7- 9 || total
-------------------------+-------+-------+-------++-------
Melee: Mace              |    85 |    61 |     5 ||   151
       Headbutt          |     5 |     7 |     1 ||    13
Invok: Berserk           |       |     3 |       ||     3
       Trog's Hand       |       |       |     1 ||     1
  Use: Scroll            |     5 |       |       ||     5
 Stab: Sleeping          |     1 |     1 |       ||     2
  Eat: Bread ration      |     1 |     1 |       ||     2
       Meat ration       |       |     1 |       ||     1
Armor: Animal skin       |    15 |     2 |       ||    17
Dodge: Dodged            |    65 |    24 |     2 ||    91
